 Dungeon Crawl Stone Soup version 0.19.1 (webtiles) character file.

140 loralnil the Sneak (level 5, -1/26 HPs)
             Began as a Spriggan Assassin on Dec 11, 2016.
             Slain by a water moccasin skeleton (7 damage)
             ... on level 4 of the Dungeon.
             The game lasted 00:06:29 (2459 turns).

loralnil the Sneak (Spriggan Assassin)              Turns: 2459, Time: 00:06:29

Health: -1/26      AC:  4    Str:  7    XL:     5   Next: 2%
Magic:  6/6        EV: 18    Int: 13    God:
Gold:   140        SH:  0    Dex: 18    Spells: 0 memorised, 4 levels left

rFire  . . .     SeeInvis +     q - -2 dagger (curse)
rCold  . . .     Gourm    .     c - +0 robe
rNeg   . . .     Faith    .     (shield restricted)
rPois  .         Spirit   .     (helmet restricted)
rElec  .         Reflect  .     d - +1 cloak
rCorr  .         Harm     .     (gloves unavailable)
MR     .....                    (boots unavailable)
Stlth  ++++......               p - amulet of rage
                                (no ring)
                                (no ring)

@: very quick
A: unfitting armour, see invisible, herbivore 3, speed 3, slow metabolism 2
a: Evoke Berserk Rage


You were on level 4 of the Dungeon.
You were hungry.

You visited 1 branch of the dungeon, and saw 5 of its levels.

You collected 140 gold pieces.

Inventory:

Hand Weapons
 a - a +2 dagger
 b - a +0 blowgun
 q - a cursed -2 dagger (weapon)
Missiles
 e - 22 poisoned needles
 f - 2 curare-tipped needles
Armour
 c - a +0 robe (worn)
 d - a +1 cloak (worn)
Jewellery
 p - an amulet of rage (around neck)
Scrolls
 h - a scroll of magic mapping
 o - a scroll of identify
Potions
 i - a potion of heal wounds
 k - a potion of curing {unknown}
 l - a potion of haste
 m - a potion of degeneration {unknown}
Comestibles
 g - 2 bread rations
 j - a slice of pizza
 n - 2 fruits


   Skills:
 + Level 2.0 Fighting
 + Level 3.4 Short Blades
 + Level 2.3 Throwing
 + Level 3.1 Dodging
 + Level 7.6 Stealth
 + Level 0.3 Evocations


You had 4 spell levels left.
You didn't know any spells.

Dungeon Overview and Level Annotations

Branches:
Dungeon (5/15)
 Temple: D:4-7

Altars:
Makhleb
Okawaru


Innate Abilities, Weirdness & Mutations

You are very small and have problems with some larger weapons.
You are too small for most types of armour.
You have supernaturally acute eyesight. (SInv)
You are a herbivore.
You cover ground extremely quickly.
You need consume almost no food.


Message History

The water moccasin skeleton is moderately damaged.
The water moccasin skeleton bites you.
* * * LOW HITPOINT WARNING * * *
You hit the water moccasin skeleton but do no damage.
The water moccasin skeleton is moderately damaged.
The water moccasin skeleton misses you.
You hit the water moccasin skeleton but do no damage.
The water moccasin skeleton is moderately damaged.
The water moccasin skeleton bites you.
* * * LOW HITPOINT WARNING * * *
You hit the water moccasin skeleton.
The water moccasin skeleton is moderately damaged.
The water moccasin skeleton misses you.
You hit the water moccasin skeleton.
The water moccasin skeleton is heavily damaged.
The water moccasin skeleton completely misses you.
You hit the water moccasin skeleton but do no damage.
The water moccasin skeleton is heavily damaged.
The water moccasin skeleton bites you!
You die...

....#
##.###..#
#>###
#.......#
#.#
#..###Z####
#.######..#
#....#
......##..#
####.#
..........#
#.#
#.###..####
#.# #..
#..# #Z#
##. #..#
#@# . #..#
#.# .....#
#.# ###.#
#.# #.# #.#
.# #.# #.#
..# ###


You could see a water moccasin skeleton.

Vanquished Creatures
  Jessica (D:2)
  Robin (D:2)
  A gnoll (D:4)
  2 adders (D:2)
  2 dart slugs (D:1)
  A leopard gecko (D:2)
  An orc (D:3)
  2 giant cockroaches
  16 goblins
  10 hobgoblins
  2 jackals (D:3)
  A quokka (D:3)
  7 bats
  8 frilled lizards
  A giant cockroach zombie (D:3)
  7 kobolds
  A quokka skeleton (D:3)
  7 rats
71 creatures vanquished.

Notes
Turn   | Place    | Note
-------+----------+-------------------------------------------
     0 | D:1      | loralnil the Spriggan Assassin began the quest for the Orb.
     0 | D:1      | Reached XP level 1. HP: 10/10 MP: 2/2
    96 | D:1      | Reached skill level 6 in Stealth
   114 | D:1      | Reached XP level 2. HP: 11/14 MP: 3/3
   526 | D:2      | Noticed Jessica
   532 | D:2      | Killed Jessica
   532 | D:2      | Reached skill level 7 in Stealth
   532 | D:2      | Reached XP level 3. HP: 17/18 MP: 4/4
   781 | D:2      | Reached XP level 4. HP: 22/23 MP: 5/5
   843 | D:2      | Noticed Robin
   968 | D:2      | Killed Robin
  2280 | D:3      | Found a burning altar of Makhleb.
  2280 | D:3      | Noticed an Executioner
  2283 | D:3      | Noticed a smoke demon
  2283 | D:3      | Noticed a ynoxinul
  2380 | D:5      | Entered Level 5 of the Dungeon
  2422 | D:4      | Found an iron altar of Okawaru.
  2424 | D:4      | Reached XP level 5. HP: 24/26 MP: 6/6
  2459 | D:4      | Slain by a water moccasin skeleton

Skill      XL: |  1  2  3  4 |
---------------+-------------+-----
Stealth        | 6 7 |  7.6
Dodging        | 2 3 |  3.1
Short Blades   | 3 |  3.4
Fighting       | 2 |  2.0
Throwing       | |  2.3
Evocations     | |  0.3

Action                   |  1- 3 |  4- 6 || total
-------------------------+-------+-------++-------
Melee: Dagger            |    84 |   252 ||   336
 Abil: Evoke Berserk Rag |       |     1 ||     1
  Use: Scroll            |       |     8 ||     8
       Potion            |       |     1 ||     1
 Stab: Sleeping          |    14 |     9 ||    23
Armor: Robe              |    11 |    40 ||    51
Dodge: Dodged            |    49 |   215 ||   264
